 Dungeon Crawl Stone Soup version 0.30-a0-310-g7d6cbdfea6 (webtiles) character file.

Game seed: 6088552057050814600

76 koil the Sneak (level 4, 0/23 HPs)
             Began as a Spriggan Brigand on Oct 24, 2022.
             Slain by an adder (2 damage)
             ... on level 2 of the Dungeon.
             The game lasted 00:02:54 (1010 turns).

koil the Sneak (Spriggan Brigand)                   Turns: 1010, Time: 00:02:54

Health: 0/23       AC:  3    Str:  7    XL:     4   Next: 12%
Magic:  7/7        EV: 17    Int: 14    God:
Gold:   42         SH:  0    Dex: 16    Spells: 6/6 levels left

rFire   . . .      SeeInvis +    a - +2 dagger
rCold   . . .      Faith    .    (no shield)
rNeg    . . .      Spirit   .    b - +0 robe
rPois   .          Reflect  .    (helmet restricted)
rElec   .          Harm     .    c - +0 cloak
rCorr   .          Rampage  .    (gloves unavailable)
Will    .....                    (boots unavailable)
Stlth   +++.......               (no amulet)
HPRegen 0.23/turn                (no ring)
MPRegen 0.10/turn                (no ring)

@: very quick
A: very small, no large weapons, unfitting armour, see invisible, speed 3
a: no special abilities


You were on level 2 of the Dungeon.
You visited 1 branch of the dungeon, and saw 4 of its levels.

You collected 42 gold pieces.

Inventory:

Hand Weapons
 a - a +2 dagger (weapon)
Missiles
 d - 4 poisoned darts (quivered)
 e - 3 curare-tipped darts
Armour
 b - a +0 robe (worn)
 c - a +0 cloak (worn)
Wands
 m - a wand of charming (6)
Scrolls
 f - a scroll of blinking {unknown}
 g - 3 scrolls of identify {unknown}
 h - a scroll of fear {unknown}
 i - 4 scrolls of teleportation {unknown}
 j - a scroll of amnesia {unknown}
 n - a scroll of poison {unknown}
Potions
 k - 2 potions of curing {unknown}
 l - a potion of invisibility {unknown}


   Skills:
 + Level 2.1 Fighting
 + Level 2.9 Short Blades
 - Level 2.0 Throwing
 + Level 2.6 Dodging
 + Level 6.5 Stealth
 + Level 1.8 Spellcasting


You had 6 spell levels left.
You didn't know any spells.
Your spell library contained the following spells:

 Spells                   Type           Power      Damage    Failure   Level
 Gell's Gravitas          Tloc           1%         N/A       58%         3
 Teleport Other           Tloc           1%         N/A       58%         3
 Dispersal                Tloc           0%         N/A       100%        6


Dungeon Overview and Level Annotations

Branches:
Dungeon (4/15)
 Temple: D:4-7

Altars:

Shops:
D:2 *

Annotations:
D:1 1 runed translucent door


Innate Abilities, Weirdness & Mutations

You are very small and have problems with some larger weapons.
You are too small for most types of armour.
You have supernaturally acute eyesight. (SInv)
You cover ground extremely quickly. (Speed+++)


Message History

The gnoll is poisoned.
The gnoll is severely wounded.
Found 16 gold pieces.
A worm comes into view.
A rat comes into view.
Found 18 gold pieces.
The giant cockroach closely misses you.
The gnoll looks more healthy.
An adder comes into view.
Found a stone staircase leading down.
The adder hisses angrily.
Throw: 7 darts (poison)
Press: ? - help, Q - select action, (/) - cycle Shift-Dir - straight line, f - adder
Aim: an adder (44% to hit)
You throw a poisoned dart.
The poisoned dart completely misses the adder.
Throw: 6 darts (poison)
Press: ? - help, Q - select action, (/) - cycle Shift-Dir - straight line, f - adder, p - adder
Aim: an adder (44% to hit)
You throw a poisoned dart.
The poisoned dart completely misses the adder.
The adder closely misses you.
Throw: 5 darts (poison)
Press: ? - help, Q - select action, (/) - cycle Shift-Dir - straight line, f/p - adder
Aim: an adder (44% to hit)
You throw a poisoned dart. The poisoned dart hits the adder.
The adder is poisoned.
The adder bites you.
* * * LOW HITPOINT WARNING * * *
The adder bites you.
* * * LOW HITPOINT WARNING * * *
The adder closely misses you.
You barely miss the adder. The adder misses you. The adder bites you.
* * * LOW HITPOINT WARNING * * *
The adder misses you.
You completely miss the adder. The adder closely misses you.
The adder bites you.
* * * LOW HITPOINT WARNING * * *
The adder bites you.
You die...

#.#######
#>...S@S##
#.#####SB# ##.#
#
#g##############
#.............##
####Sw......r.##
#..........##
##Sg.....####
###B......# #


You could see a gnoll, 3 adders and a giant cockroach.

Vanquished Creatures
  Ijyb (D:3)
  2 gnolls
  5 endoplasms
  2 goblins (D:1)
  4 hobgoblins
  4 kobolds
  3 ball pythons (D:1)
  4 bats (D:1)
  2 frilled lizards
  4 rats
31 creatures vanquished.

Notes
Turn   | Place    | Note
-------+----------+-------------------------------------------
     0 | D:1      | koil the Spriggan Brigand began the quest for the Orb.
     0 | D:1      | Reached XP level 1. HP: 10/10 MP: 2/2
     1 | D:1      | Found a runed translucent door.
     2 | D:1      | Noticed a jelly
   115 | D:1      | Reached skill level 6 in Stealth
   142 | D:1      | Reached XP level 2. HP: 14/15 MP: 3/3
   302 | D:1      | Reached skill level 1 in Spellcasting
   426 | D:1      | Reached XP level 3. HP: 18/18 MP: 5/5
   788 | D:2      | Found Arab Mil's General Store.
   800 | D:2      | You fall into a shaft and drop 2 floors!
   887 | D:3      | Noticed Ijyb
   891 | D:3      | Killed Ijyb
   959 | D:2      | Reached XP level 4. HP: 23/23 MP: 7/7
  1010 | D:2      | Slain by an adder

Illustrated notes

Levels and vault maps discovered:
D:1:      dpeg_arrival_caged_fury, layout_basic, minmay_stone_trees_small
D:2:      layout_basic, serial_shops, nicolae_shop_hallway_stairs
D:3:      layout_basic, serial_shops, shop_statue, kennysheep_potato,
          uniq_crazy_yiuf_cottage, uniq_ijyb
D:4:      layout_layer_cave, minmay_temple_entry_grid, grunt_decor_fettered,
          uniq_eustachio, uniq_edmund

Skill      XL: |  1  2  3 |
---------------+----------+-----
Stealth        | 6 |  6.5
Spellcasting   | 1 |  1.8
Dodging        | 2 |  2.6
Fighting       | 2 |  2.1
Short Blades   | |  2.9
Throwing       | |  2.0

Action                   |  1- 3 |  4- 6 || total
-------------------------+-------+-------++-------
Melee: Dagger            |    77 |    14 ||    91
       Punch             |     3 |       ||     3
Throw: Dart              |       |     5 ||     5
 Stab: Sleeping          |     9 |       ||     9
Armor: Robe              |    13 |       ||    13
Dodge: Dodged            |    67 |    14 ||    81

Table legend: (Time is in decaauts)
 A = Elapsed time spent in this place.
 B = Non-inter-level travel time spent in this place.
 C = Inter-level travel time spent in this place.
 D = Time resting spent in this place.
 E = Time spent auto-exploring this place.
 F = Levels seen in this place.
 G = Mean time per level.
                   A        B        C        D        E       F      G
               +--------+--------+--------+--------+--------+-----+--------+
         Total |    658 |    654 |      4 |      0 |    447 |   4 |  164.5 |
       Dungeon |    658 |    654 |      4 |      0 |    447 |   4 |  164.5 |
               +--------+--------+--------+--------+--------+-----+--------+

Top non-repeatable levels by time:
     D:1: 508 daAuts
     D:2: 74 daAuts
     D:3: 71 daAuts
     D:4: 2 daAuts
